 Dungeon Crawl Stone Soup version 0.26-a0-651-gb41185065b (webtiles) character file.

Game seed: 3125297373993752333

74 P0NYSLAYSTATION the Grave Robber (level 4, -5/33 HPs)
             Began as a Human Necromancer on Sept 29, 2020.
             Slain by an iguana (11 damage)
             ... on level 4 of the Dungeon.
             The game lasted 00:14:41 (1985 turns).

P0NYSLAYSTATION the Grave Robber (HuNe)             Turns: 1985, Time: 00:14:41

Health: -5/33      AC:  3    Str: 10    XL:     4   Next: 54%
Magic:  4/7        EV: 12    Int: 15    God:
Gold:   85         SH:  0    Dex: 13    Spells: 5/7 levels left

rFire    . . .     SeeInvis .   i - +0 trident
rCold    . . .     Faith    .   (no shield)
rNeg     . . .     Spirit   .   l - +0 leather armour
rPois    .         Reflect  .   (no helmet)
rElec    .         Harm     .   (no cloak)
rCorr    .         Rampage  .   (no gloves)
MR       .....                  (no boots)
Stlth    ++........             (no amulet)
HPRegen  0.11/turn              (no ring)
MPRegen  0.10/turn              (no ring)

@: no status effects
A: no striking features
a: no special abilities


You were on level 4 of the Dungeon.
You visited 1 branch of the dungeon, and saw 5 of its levels.

You collected 85 gold pieces.

Inventory:

Hand Weapons
 c - a +0 club
 f - a +0 dagger
 i - a +0 trident (weapon)
 j - a +0 hunting sling
Missiles
 b - 2 atropa-tipped darts
 m - 59 stones (quivered)
Armour
 a - a +0 robe
 l - a +0 leather armour (worn)
Scrolls
 d - a scroll of remove curse
 e - a scroll of fog {unknown}
 g - a scroll of identify {unknown}
 h - a scroll of enchant armour {unknown}
 k - a scroll of magic mapping {unknown}
 p - a scroll of teleportation {unknown}
Potions
 o - a potion of stabbing
 q - a potion of berserk rage {unknown}


   Skills:
 * Level 1.7 Fighting
 * Level 0.5 Polearms
 * Level 1.1 Armour
 + Level 2.4 Dodging
 + Level 2.0 Stealth
 + Level 2.4 Spellcasting
 + Level 4.3 Necromancy


You had 5 spell levels left.
You knew the following spells:

 Your Spells              Type           Power        Failure   Level
a - Pain                  Necr           ##..         4%          1
b - Animate Skeleton      Necr           ##....       4%          1

Your spell library contained the following spells:

 Spells                   Type           Power        Failure   Level
 Vampiric Draining        Necr           ##........   14%         3
 Animate Dead             Necr           ##........   43%         4
 Agony                    Necr           ##......     80%         5


Dungeon Overview and Level Annotations

Branches:
Dungeon (5/15)
 Temple: D:4-7

Altars:


Message History

You hit the iguana but do no damage.
The iguana is heavily wounded.
The iguana misses you.
You hit the iguana.
The iguana is heavily wounded.
The iguana bites you.
Casting: Pain (safe; 4% risk of failure)
Confirm with . or Enter, or press ? or * to list all spells.
Aiming: Pain (safe; 4% risk of failure)
Press: ? - help, Shift-Dir - straight line, f/p - iguana
Aim: an iguana (heavily wounded, chance to defeat MR: 79%)
The iguana barely resists.
The iguana bites you!
* * * LOW HITPOINT WARNING * * *
As you read the scroll labeled BEUBIAMUIHE, it crumbles to dust.
You feel blessed for a moment.
It was a scroll of remove curse.
The iguana closely misses you.
You hit the iguana.
The iguana is heavily wounded.
The iguana bites you!
You die...

#.##.######.#
##.....##...†#
##.........##.#
#..........##.#
#..............
#..............
###..............
#####................
#...@...............[
#....l.....#####.....
#.....<....# #..#+#
.............# #....
................. #.#..
............(.###.#.#..#
.....######..(( #.##.#
..... .### #. .#


You could see an iguana.

Vanquished Creatures
  A worker ant (D:4)
  2 adders
  A shadow imp (D:5)
  2 dart slugs
  An orc (D:4)
  A giant cockroach (D:4)
  5 hobgoblins
  A jackal (D:2)
  2 bats
  A frilled lizard (D:1)
  3 goblins
  A kobold (D:1)
  A rat (D:1)
22 creatures vanquished.

Vanquished Creatures (collateral kills)
  A hobgoblin (D:1)
1 creature vanquished.

Grand Total: 23 creatures vanquished

Notes
Turn   | Place    | Note
-------+----------+-------------------------------------------
     0 | D:1      | P0NYSLAYSTATION the Human Necromancer began the quest for
                  | the Orb.
     0 | D:1      | Reached XP level 1. HP: 13/13 MP: 3/3
    33 | D:1      | Learned a level 1 spell: Animate Skeleton
   446 | D:2      | Noticed an orc priest
   459 | D:3      | Reached XP level 2. HP: 4/20 MP: 0/5
   771 | D:4      | Reached skill level 1 in Fighting
   771 | D:4      | Reached XP level 3. HP: 14/27 MP: 2/6
   975 | D:5      | Entered Level 5 of the Dungeon
  1333 | D:1      | Reached XP level 4. HP: 30/33 MP: 4/7
  1958 | D:4      | Reached skill level 1 in Armour
  1985 | D:4      | Slain by an iguana

Illustrated notes

Levels and vault maps discovered:
D:1:      matt_arrival_los_fun, layout_rooms, chequers_serial_rivers_micro_c,
          minmay_misc_feat_chi
D:2:      layout_basic, overflow_temple_1_default
D:3:      kennysheep_goblin_castle, layout_rooms,
          nicolae_overflow_hidden_temple, uniq_ijyb
D:4:      layout_basic, dancing_weapons_uskayaw, minmay_temple_entry_wispy,
          kennysheep_generic_room_15
D:5:      layout_basic, basic_altar, serial_shops, shop, item_on_display_a

Skill      XL: |  1  2  3  4 |
---------------+-------------+-----
Fighting       | 1 |  1.7
Armour         | 1 |  1.1
Polearms       | |  0.5
Dodging        | |  2.4
Stealth        | |  2.0
Spellcasting   | |  2.4
Necromancy     | |  4.3

Action                   |  1- 3 |  4- 6 || total
-------------------------+-------+-------++-------
Melee: Unarmed           |    21 |       ||    21
       Club              |    13 |       ||    13
       Dagger            |     8 |       ||     8
       Trident           |    22 |    39 ||    61
Throw: Dart              |     1 |     2 ||     3
       Stone             |       |     8 ||     8
 Cast: Pain              |    12 |    15 ||    27
       Animate Skeleton  |     7 |     3 ||    10
  Use: Potion            |     1 |     1 ||     2
       Scroll            |       |     1 ||     1
Armor: Robe              |    14 |     1 ||    15
       Leather armour    |       |     3 ||     3
Dodge: Dodged            |    52 |    20 ||    72

Table legend: (Time is in decaauts)
 A = Elapsed time spent in this place.
 B = Non-inter-level travel time spent in this place.
 C = Inter-level travel time spent in this place.
 D = Time resting spent in this place.
 E = Time spent auto-exploring this place.
 F = Levels seen in this place.
 G = Mean time per level.
                   A        B        C        D        E       F      G
               +--------+--------+--------+--------+--------+-----+--------+
         Total |   2010 |   1874 |    136 |    558 |    876 |   5 |  402.0 |
       Dungeon |   2010 |   1874 |    136 |    558 |    876 |   5 |  402.0 |
               +--------+--------+--------+--------+--------+-----+--------+

Top non-repeatable levels by time:
     D:1: 1001 daAuts
     D:4: 474 daAuts
     D:2: 250 daAuts
     D:3: 239 daAuts
     D:5: 45 daAuts
